 Dungeon Crawl Stone Soup version 0.28-a0-823-gb444dcf96d (webtiles) character file.

Game seed: 2573534592357591701

307 Impy the Skirmisher (level 6, -7/67 HPs)
             Began as an Ogre Hunter on Nov 9, 2021.
             Mangled by a phantom (8 damage)
             ... on level 4 of the Dungeon.
             The game lasted 00:11:44 (3999 turns).

Impy the Skirmisher (Ogre Hunter)                   Turns: 3999, Time: 00:11:44

Health: -7/67      AC:  4    Str: 17    XL:     6   Next: 40%
Magic:  6/6        EV: 10    Int: 14    God:
Gold:   162        SH:  0    Dex:  9    Spells: 5/5 levels left

rFire   . . .      SeeInvis .   i - +0 flail
rCold   . . .      Faith    .   (no shield)
rNeg    . . .      Spirit   .   b - +1 robe
rPois   .          Reflect  .   (helmet restricted)
rElec   .          Harm     .   (no cloak)
rCorr   .          Rampage  .   (gloves unavailable)
Will    .....                   (boots unavailable)
Stlth   +.........              (no amulet)
HPRegen 0.21/turn               (no ring)
MPRegen 0.10/turn               (no ring)

@: no status effects
A: large, unfitting armour, tough skin 1
a: no special abilities


You were on level 4 of the Dungeon.
You visited 1 branch of the dungeon, and saw 4 of its levels.

You collected 162 gold pieces.

Inventory:

Hand Weapons
 a - a +0 short sword
 e - a +0 hunting sling
 i - a +0 flail (weapon)
Missiles
 c - 2 large rocks
 f - 91 stones (quivered)
Armour
 b - a +1 robe (worn)
Jewellery
 g - an amulet of guardian spirit
Wands
 j - a wand of iceblast (8)
Scrolls
 h - 3 scrolls of identify
Potions
 d - a potion of flight


   Skills:
 + Level 6.0 Fighting
 * Level 2.6 Maces & Flails
 - Level 4.1 Throwing
 - Level 3.3 Dodging
 - Level 0.6 Stealth


You had 5 spell levels left.
You didn't know any spells.
Your spell library was empty.

Dungeon Overview and Level Annotations

Branches:
Dungeon (4/15)
 Temple: D:4-7

Altars:

Shops:
D:1 (

Annotations:
D:2 Sigmund


Innate Abilities, Weirdness & Mutations

You are too large for most types of armour.
You have tough skin. (AC +1)


Message History

You closely miss the phantom.
The phantom is heavily damaged.
The phantom misses you.
You hit the phantom but do no damage.
The phantom is heavily damaged.
The phantom hits you but does no damage.
You miss the phantom.
The phantom is heavily damaged.
The phantom hits you.
The phantom blinks!
You blink.
You hit the phantom.
The phantom is severely damaged.
The phantom hits you!
* * * LOW HITPOINT WARNING * * *
The phantom completely misses you.
Okay, then.
You completely miss the phantom.
The phantom is severely damaged.
The phantom barely misses you.
You hit the phantom.
The phantom is almost destroyed.
The phantom hits you but does no damage.
You barely miss the phantom.
The phantom is almost destroyed.
The phantom hits you!
* * * LOW HITPOINT WARNING * * *
The phantom blinks!
You blink.
Found 8 gold pieces.
The phantom completely misses you.
You closely miss the phantom.
The phantom is almost destroyed.
The phantom hits you.
* * * LOW HITPOINT WARNING * * *
The phantom blinks!
You blink.
You miss the phantom.
The phantom is almost destroyed.
The phantom hits you!
* * * LOW HITPOINT WARNING * * *
You closely miss the phantom.
The phantom is almost destroyed.
The phantom hits you!
You die...

##..#....#.......##....####
.#####.)..................###..#
..#..#...##..#.............#....#
.....##..#..#..##.#..........(...
.........##.#....................
.........#...##.#................
.......##.#..##....#ยง.>..........
..<..........##W..##.............
.............##.@##....##.....##.
..........)..#................#
..............................#
.#.............##......##.#....#
.#..............##....#...##.....
.................####...... ..##.
##...#.......... ....... ...
.....#........ ..#.... ....
............. .##.... ..#.[


You could see a phantom.

Vanquished Creatures
  A centaur (D:4)
  A hound (D:4)
  Jessica (D:1)
  Robin (D:4)
  3 gnolls
  3 adders
  An ufetubus (D:3)
  A worm (D:3)
  6 dart slugs
  4 orcs
  5 endoplasms
  3 giant cockroaches
  14 goblins
  6 hobgoblins
  6 jackals (D:1)
  3 quokkas
  9 ball pythons
  2 bats
  A frilled lizard (D:1)
  5 kobolds
  3 rats
79 creatures vanquished.

Notes
Turn   | Place    | Note
-------+----------+-------------------------------------------
     0 | D:1      | Impy the Ogre Hunter began the quest for the Orb.
     0 | D:1      | Reached XP level 1. HP: 22/22 MP: 1/1
   123 | D:1      | Reached skill level 3 in Fighting
   184 | D:1      | Reached XP level 2. HP: 31/31 MP: 2/2
   678 | D:1      | Found Punopn's Antique Weapon Shop.
   691 | D:1      | Reached XP level 3. HP: 37/39 MP: 3/3
   868 | D:2      | Reached skill level 4 in Fighting
   932 | D:2      | Noticed Jessica
   947 | D:1      | Killed Jessica
   948 | D:1      | Reached XP level 4. HP: 15/49 MP: 4/4
  1232 | D:2      | Noticed Sigmund
  1665 | D:3      | Reached skill level 5 in Fighting
  1748 | D:3      | Reached XP level 5. HP: 20/57 MP: 5/5
  3249 | D:4      | Reached skill level 1 in Maces & Flails
  3562 | D:4      | Noticed a centaur
  3575 | D:4      | Killed a centaur
  3576 | D:4      | Reached XP level 6. HP: 22/67 MP: 6/6
  3638 | D:4      | Noticed Robin
  3663 | D:4      | Killed Robin
  3664 | D:4      | Reached skill level 6 in Fighting
  3998 | D:4      | HP: 1/67 [phantom (8)]
  3999 | D:4      | Mangled by a phantom

Illustrated notes

Levels and vault maps discovered:
D:1:      dpeg_arrival_tiny_b, layout_rooms, serial_shops, shop
D:2:      layout_rooms, serial_shops, shop, uniq_sigmund, uniq_jessica
D:3:      layout_basic, chequers_serial_rivers_micro_b, minmay_cut_off
D:4:      layout_cave_pools, uniq_robin

Skill      XL: |  1  2  3  4  5  6 |
---------------+-------------------+-----
Fighting       | 3 4 5 6 |  6.0
Dodging        | 2 3 |  3.3
Maces & Flails | 2 |  2.6
Throwing       | |  4.1
Stealth        | |  0.6

Action                   |  1- 3 |  4- 6 || total
-------------------------+-------+-------++-------
Melee: Short sword       |   109 |    79 ||   188
       Flail             |       |   144 ||   144
 Fire: Hunting sling     |    32 |    22 ||    54
Throw: Large rock        |     7 |     6 ||    13
       Throwing net      |       |     3 ||     3
       Stone             |       |     2 ||     2
  Use: Potion            |     4 |     1 ||     5
       Scroll            |     2 |     4 ||     6
 Stab: Held in net/web   |       |     3 ||     3
Armor: Robe              |    49 |    94 ||   143
Dodge: Dodged            |    77 |   155 ||   232

Table legend: (Time is in decaauts)
 A = Elapsed time spent in this place.
 B = Non-inter-level travel time spent in this place.
 C = Inter-level travel time spent in this place.
 D = Time resting spent in this place.
 E = Time spent auto-exploring this place.
 F = Levels seen in this place.
 G = Mean time per level.
                   A        B        C        D        E       F      G
               +--------+--------+--------+--------+--------+-----+--------+
         Total |   4082 |   3960 |    122 |      0 |   3047 |   4 | 1020.5 |
       Dungeon |   4082 |   3960 |    122 |      0 |   3047 |   4 | 1020.5 |
               +--------+--------+--------+--------+--------+-----+--------+

Top non-repeatable levels by time:
     D:3: 1712 daAuts
     D:1: 1355 daAuts
     D:4: 841 daAuts
     D:2: 173 daAuts
